 Dungeon Crawl Stone Soup version 0.13.0-3-g966e3ec (webtiles) character file.

62199 MackTheKnife the Spry (level 14, -2/107 HPs)
             Began as a Merfolk Ice Elementalist on Oct 13, 2013.
             Was a High Priest of Ashenzari.
             Killed from afar by Azrael (51 damage)
             ... with a blast of hellfire
             ... on Level 14 of the Dungeon.
             The game lasted 02:51:33 (40409 turns).

MackTheKnife the Spry (Merfolk Ice Elementalist)   Turns: 40409, Time: 02:51:35

HP  -2/107       AC 10     Str  8      XL: 14   Next: 99%
MP   7/28        EV 26     Int 16      God: Ashenzari [*****.]
Gold 1656        SH  0     Dex 18      Spells:  7 memorised,  3 levels left

Res.Fire  : + . .   See Invis. : +   i - +2,+3 demon trident (curse)
Res.Cold  : + . .   Warding    : .   s - +2 robe {Archmagi} (curse)
Life Prot.: . . .   Conserve   : .   (no shield)
Res.Poison: +       Res.Corr.  : .   K - +1 dwarf helmet (curse)
Res.Elec. : +       Clarity    : +   q - +0 cloak
Sust.Abil.: + .     Spirit.Shd : .   b - +2 pair of gauntlets
Res.Mut.  : +       Stasis     : .   (no boots)
Res.Rott. : .       Flight     : .   k - cursed amulet of resist mutation
Saprovore : . . .                    v - cursed ring of sustain abilities
                                     d - cursed ring of wizardry

@: somewhat resistant to hostile enchantments, stealthy
A: change form in water, swift swim
a: Scrying, Transfer Knowledge, Renounce Religion


You were on level 14 of the Dungeon.
You worshipped Ashenzari.
Ashenzari was extremely pleased with you.
You were not hungry.

You visited 4 branches of the dungeon, and saw 27 of its levels.
You also visited: Volcano.

You collected 2714 gold pieces.
You spent 1078 gold pieces at shops.

Inventory:

Hand weapons
 i - a cursed +2,+3 demon trident (weapon)
Armour
 b - a +2 pair of gauntlets (worn)
 q - a +0 cloak (worn)
 s - a cursed +2 robe of the Archmagi (worn)
 K - a cursed +1 dwarven helmet (worn)
Magical devices
 n - a wand of lightning (0)
 t - a wand of digging (4)
 L - a wand of heal wounds (8)
Comestibles
 h - 3 bananas
 j - a cheese
 w - 11 sultanas
 z - a meat ration
 F - 4 bread rations
 Q - a lychee
Scrolls
 a - 4 scrolls of fear
 c - a scroll of curse weapon
 o - 4 scrolls of teleportation
 x - a scroll of blinking
 y - a scroll of fog
 B - a scroll of magic mapping
 C - 4 scrolls of identify
Jewellery
 d - a cursed ring of wizardry (left hand)
 k - a cursed amulet of resist mutation (around neck)
 v - a cursed ring of sustain abilities (right hand)
Potions
 e - 6 potions of curing
 f - a potion of flight
 g - 3 potions of restore abilities
 m - 3 potions of heal wounds
 r - 2 potions of might
 G - a potion of resistance
 H - 3 potions of invisibility
 I - a potion of speed
 J - 2 potions of brilliance
 M - 3 potions of berserk rage
Miscellaneous
 A - a phial of floods


   Skills:
 + Level 13.0 Fighting
 - Level 9.7(13.5) Polearms
 - Level 16.8 Dodging
 - Level 3.2 Stealth
 + Level 7.2 Spellcasting
 - Level 0.7(2.6) Conjurations
 - Level 6.0(10.1) Charms
 - Level 4.0(7.7) Summonings
 - Level 4.2(8.0) Translocations
 - Level 14.0(17.5) Ice Magic


You had 3 spell levels left.
You knew the following spells:

 Your Spells              Type           Power        Failure   Level  Hunger
a - Freeze                Ice            ####         0%          1    None
b - Warp Weapon           Chrm/Tloc      ######....   4%          5    #####..
c - Ozocubu's Armour      Chrm/Ice       ######....   1%          3    ##.....
d - Summon Ice Beast      Ice/Summ       ######....   1%          4    ####...
e - Condensation Shield   Ice            #######...   1%          4    ####...
f - Mephitic Cloud        Conj/Pois/Air  ##......     11%         3    ##.....
g - Control Teleport      Chrm/Tloc      ######....   1%          4    ####...


Dungeon Overview and Level Annotations

Branches:
Dungeon (14/27)            Temple (1/1) D:7             Orc (4/4) D:8
    Elf (0/3) Orc:4          Lair (8/8) D:11         Shoals (0/5) Lair:4
 Spider (0/5) Lair:4        Slime (0/6) Lair:8

Altars:
Ashenzari
Fedhas
Kikubaaqudgha
Makhleb
Nemelex Xobeh
Okawaru
Sif Muna
Trog
Vehumet
Xom
the Shining One
Beogh
Jiyva

Shops:
D:4 [   D:13 *   Orc:4 (?!*

Annotations:
D:14 Azrael, Snorg
Abyss:1 Gastronok


Message History

One of your 2 scrolls of magic mapping catches fire!
The heat melts your icy armour.
Casting: Ozocubu's Armour
Confirm with . or Enter, or press ? or * to list all spells.
You feel a surge of power! A chill wind blows around you.
Your icy armour starts to melt.
You swap places.
Azrael hits your ice beast with a scimitar of flaming!
Azrael melts your ice beast!
Your ice beast dies!
Your icy armour evaporates.
Azrael throws fire at you.
The fireball explodes!
The fireball engulfs you!
Two of your 6 scrolls of teleportation catch fire!
Drink which item? (? for menu, Esc to quit)
You feel protected. Azrael throws hellfire at you.
The hellfire explodes!
The blast of hellfire engulfs you!
One of your 5 scrolls of fear catches fire!
You die...

### ..#
#################### #.##
#..........@....RE§#
...###.################§#
....##.# #§# .......# #.#
** ....#### #.# *, ....#
#E# #)#.# * * #§####§...,
..#.# * * , ∆* #$§§E§....
##..#*** , * , ######....


You could see Azrael and a fire elemental.

Vanquished Creatures
  A ravenous feature mimic (Lair:7)
  Nessos (Orc:4)
  4 death yaks
  Urug (D:11)
  2 elves
  An unseen horror (D:14)
  4 hill giants
  An orc knight (D:13)
  7 orc sorcerers
  2 black mambas
  An elephant (Lair:8)
  5 spiny frogs
  2 orange demons (D:9)
  2 trolls
  2 komodo dragons
  11 blink frogs
  7 slime creatures
  A griffon zombie (D:11)
  A wraith (D:13)
  2 basilisks
  2 wyverns
  A fire elemental (D:14)
  25 yaks
  A hungry ghost (D:10)
  A steam dragon (Lair:8)
  3 hippogriffs
  2 mottled dragons
  Edmund (D:6)
  A necrophage (D:8)
  4 wolves
  2 manticores
  6 soldier ants
  2 hell hounds (D:14)
  3 porcupines
  3 giant goldfish (D:6)
  6 ice beasts
  A phantom (D:7)
  2 sky beasts
  6 ogres
  11 orc warriors
  A rotting devil (D:9)
  9 crocodiles
  12 centaurs
  Duvessa (D:4)
  6 wargs
  2 big kobolds
  A giant slug (Lair:8)
  5 water moccasins
  4 giant frogs
  4 agate snails
  10 wights
  2 yak zombies
  6 killer bees
  A hippogriff skeleton (D:7)
  5 crimson imps
  A goliath beetle (D:13)
  A giant frog zombie (D:5)
  15 orc priests
  A gnoll shaman (D:8)
  A centaur skeleton (D:4)
  4 giant frog skeletons
  4 spiders (Lair:4)
  A big fish (D:6)
  9 hounds
  8 iguanas
  A killer bee zombie (D:10)
  33 orc wizards
  4 sheep
  18 worker ants
  A scorpion (D:9)
  A mottled dragon zombie (D:12)
  Ijyb (D:2)
  A worker ant zombie (D:8)
  A hound skeleton (D:8)
  A worm zombie (D:5)
  15 adders
  2 giant centipedes
  2 gnolls (D:6)
  23 green rats
  4 worms
  An adder skeleton (D:8)
  4 grey rats (D:10)
  An iguana skeleton (D:8)
  2 giant eyeballs
  14 giant geckos
  147 orcs
  14 bats
  10 giant cockroaches
  32 goblins
  33 hobgoblins
  20 jackals
  25 kobolds
  2 oozes (D:1)
  10 quokkas
  A giant gecko skeleton (D:9)
  5 giant newts
  A giant spore (D:12)
  33 rats
  A rat skeleton (D:5)
  3 rat zombies
  6 ballistomycetes
  A fungus (Lair:8)
  3 plants (Lair:8)
732 creatures vanquished.

Vanquished Creatures (collateral kills)
  Donald (Orc:4)
  Josephine (D:10)
  5 hydras
  Erica (D:11)
  3 death yaks (Lair:8)
  A catoblepas (Lair:8)
  A hill giant (D:13)
  Joseph (D:11)
  An oklob plant (Lair:7)
  3 orc sorcerers (Orc:4)
  2 griffons (Lair:8)
  3 black mambas
  A queen ant (Lair:6)
  2 elephants (Lair:8)
  An orange demon (D:9)
  A spriggan druid (Lair:8)
  10 spiny frogs
  An item mimic (Lair:5)
  2 fire drakes
  Grinder (D:6)
  7 komodo dragons
  28 blink frogs
  2 trolls
  A dragon zombie (D:10)
  A boulder beetle (Lair:6)
  A trapdoor spider (D:11)
  2 grizzly bears (Lair:8)
  4 basilisks
  An elephant slug (Lair:7)
  36 yaks
  A wandering mushroom (Lair:7)
  A neqoxec (Orc:1)
  Grum (D:9)
  A human (D:11)
  11 hippogriffs
  6 wolves
  A mottled dragon (Lair:8)
  7 soldier ants
  A manticore (Lair:8)
  A sky beast (D:13)
  4 porcupines
  2 orc warriors
  A phantom (D:4)
  2 ogres
  A boring beetle (Lair:8)
  A warg (Orc:4)
  9 crocodiles
  2 rotting devils (D:9)
  7 water moccasins
  A centaur (D:8)
  8 giant slugs
  2 big kobolds (D:6)
  7 giant frogs
  Blork the orc (D:11)
  3 agate snails
  A troll zombie (D:10)
  6 wights
  7 killer bees
  A troll skeleton (D:9)
  2 crimson imps (D:8)
  A giant frog zombie (D:10)
  3 goliath beetles (D:11)
  5 hounds
  Dowan (D:4)
  4 spiders (Lair:4)
  A giant frog skeleton (D:10)
  2 jellies
  4 orc priests
  17 orc wizards
  A scorpion (D:9)
  5 iguanas
  A quasit (D:10)
  26 worker ants
  An orange rat (D:10)
  8 sheep
  2 ogre zombies
  A centaur simulacrum (D:10)
  2 mummies (D:9)
  9 gnolls
  A brain worm simulacrum (D:10)
  3 adders
  15 green rats
  A giant centipede (D:10)
  A shadow imp (D:10)
  A worker ant simulacrum (D:10)
  11 grey rats (D:10)
  2 giant geckos
  39 orcs
  4 bats
  19 goblins
  13 hobgoblins
  3 jackals
  A quokka (Lair:6)
  A giant gecko skeleton (D:4)
  5 kobolds
  10 rats
  2 ballistomycetes
  3 fungi
  3 plants
456 creatures vanquished.

Vanquished Creatures (others)
  An orc knight (D:13)
  A black mamba (Lair:8)
  A smoke demon (Orc:4)
  A water elemental (Lair:8)
  A basilisk (D:14)
  2 yaks
  A steam dragon (D:11)
  A hippogriff (D:14)
  A porcupine (Lair:8)
  128 ice beasts
  2 centaurs (D:12)
  A water moccasin (Lair:8)
  A killer bee (D:12)
  An orc wizard (Orc:4)
  An orc priest (Orc:4)
  A giant centipede (Lair:6)
  An orc (Orc:4)
  2 giant spores
  14 plants (Lair:8)
  A toadstool (D:2)
163 creatures vanquished.

Grand Total: 1351 creatures vanquished

Notes
Turn   | Place    | Note
--------------------------------------------------------------
     0 | D:1      | MackTheKnife, the Merfolk Ice Elementalist, began the quest for the Orb.
     0 | D:1      | Reached XP level 1. HP: 13/13 MP: 3/3
   521 | D:1      | Reached XP level 2. HP: 13/19 MP: 2/4
   611 | D:1      | Reached skill level 4 in Ice Magic
  1219 | D:1      | Reached XP level 3. HP: 8/24 MP: 2/5
  1969 | D:2      | Learned a level 3 spell: Ozocubu's Armour
  2034 | D:2      | Reached skill level 5 in Ice Magic
  2266 | D:2      | Noticed Ijyb
  2287 | D:2      | Reached XP level 4. HP: 28/30 MP: 4/7
  2301 | D:2      | Killed Ijyb
  3465 | D:3      | Reached skill level 6 in Ice Magic
  3465 | D:3      | Reached XP level 5. HP: 35/35 MP: 2/8
  4764 | D:4      | Reached XP level 6. HP: 41/41 MP: 3/11
  5068 | D:4      | Learned a level 4 spell: Summon Ice Beast
  5149 | D:4      | Reached skill level 1 in Summonings
  5279 | D:4      | Noticed an ogre
  5300 | D:4      | Killed an ogre
  5300 | D:4      | Reached skill level 7 in Ice Magic
  5300 | D:4      | Reached XP level 7. HP: 46/46 MP: 2/14
  5475 | D:4      | Found Ytucig's Antique Armour Shoppe.
  5484 | D:4      | Bought a runed robe for 16 gold pieces
  5608 | D:4      | Noticed Dowan
  5611 | D:4      | Noticed Duvessa
  5631 | D:4      | Killed Dowan
  5707 | D:4      | Found a burning altar of Makhleb.
  5970 | D:4      | Killed Duvessa
  6265 | D:4      | Reached skill level 8 in Ice Magic
  6377 | D:5      | Entered Level 5 of the Dungeon
  6422 | D:5      | Reached XP level 8. HP: 40/52 MP: 16/16
  7561 | D:6      | Noticed Edmund
  7571 | D:5      | Reached skill level 5 in Dodging
  7571 | D:5      | Reached skill level 9 in Ice Magic
  7710 | D:6      | Killed Edmund
  7881 | D:6      | Found a sparkling altar of Nemelex Xobeh.
  8349 | D:6      | Reached XP level 9. HP: 57/57 MP: 15/17
  8503 | D:6      | Reached skill level 10 in Ice Magic
  8548 | D:6      | Noticed Grinder
  8548 | D:6      | Paralysed by Grinder for 5 turns
  8571 | D:6      | Killed Grinder
  8571 | D:6      | Reached skill level 1 in Charms
  9589 | D:6      | Reached skill level 1 in Fighting
 10182 | D:7      | Found a staircase to the Ecumenical Temple.
 10190 | Temple   | Entered the Ecumenical Temple
 10210 | Temple   | Became a worshipper of Ashenzari the Shackled
 10400 | D:7      | Learned a level 2 spell: Throw Frost
 10721 | D:7      | Reached skill level 10 in Dodging
 11041 | D:7      | Reached XP level 10. HP: 53/66 MP: 16/20
 11130 | D:8      | Found a staircase to the Orcish Mines.
 11437 | D:8      | Learned a level 3 spell: Mephitic Cloud
 11682 | D:8      | Found a shimmering altar of Xom.
 11941 | D:8      | Reached skill level 11 in Dodging
 12148 | D:9      | Learned a level 4 spell: Throw Icicle
 12294 | D:9      | Reached skill level 5 in Fighting
 13410 | D:10     | Entered Level 10 of the Dungeon
 13573 | D:10     | Reached skill level 12 in Dodging
 13836 | D:10     | Noticed Josephine
 14087 | D:10     | Killed Josephine
 14087 | D:10     | Reached XP level 11. HP: 47/78 MP: 10/21
 14340 | D:10     | Noticed a hill giant
 14353 | D:10     | Killed a hill giant
 14488 | D:10     | Reached skill level 13 in Dodging
 14779 | D:10     | Noticed Grum
 14895 | D:9      | Killed Grum
 15572 | D:11     | Found a staircase to the Lair.
 16171 | D:11     | Noticed Joseph
 16172 | D:11     | Noticed an elf
 16173 | D:11     | Noticed Urug
 16305 | D:10     | Killed an elf
 16427 | D:11     | Paralysed by Urug for 2 turns
 16671 | Lair:1   | Entered Level 1 of the Lair of Beasts
 16929 | Lair:1   | Identified the cursed -5 robe of Misfortune {-Cast Contam *Tele EV-4 Str-2 Dex-2 Int-2 Stlth-- Curse} (You took it off a centaur on level 6 of the Dungeon)
 16962 | Lair:1   | Reached skill level 14 in Dodging
 17834 | Lair:2   | Acquired Ashenzari's first power
 17850 | Lair:2   | Reached skill level 10 in Fighting
 18423 | D:4      | Bought a cloak for 24 gold pieces
 18886 | Lair:2   | Noticed a five-headed hydra
 18904 | Lair:2   | Killed a five-headed hydra
 18904 | Lair:2   | Reached skill level 15 in Dodging
 19291 | Lair:3   | Reached XP level 12. HP: 54/89 MP: 13/22
 19421 | Lair:3   | Found a dark tunnel.
 19517 | Volcano  | Entered a volcano
 20164 | Lair:4   | MackTheKnife: hey dude
 20164 | Lair:4   | MackTheKnife: grats on your win
 20178 | Lair:4   | Noticed a five-headed hydra
 20208 | Lair:3   | yokelz: ha, thanks
 20228 | Lair:3   | yokelz: it was pretty easy afterall
 20269 | Lair:4   | MackTheKnife: :)
 20269 | Lair:4   | yokelz: except I'm never gonna play short blades berzerker again
 20269 | Lair:4   | MackTheKnife: not sure what to do with this guy
 20269 | Lair:4   | MackTheKnife: got some pretty nice magic user gear
 20269 | Lair:4   | MackTheKnife: but I wanna go hybrid because of Ash
 20281 | Lair:4   | yokelz: dump him for vehumet and go full ice master blaster :P
 20290 | Lair:4   | Killed a five-headed hydra
 20291 | Lair:4   | MackTheKnife: ^^
 20313 | Lair:4   | MackTheKnife: how bad is Ash's wrath?
 20412 | Lair:4   | yokelz: not very bad if you do it early
 20418 | Lair:4   | yokelz: improved monster AI, goes away when you gain 2 xp levels
 20418 | Lair:4   | MackTheKnife: Ah, hmm.
 20418 | Lair:4   | MackTheKnife: hard decision
 20427 | Lair:4   | yokelz: looking it up
 20449 | Lair:4   | Acquired Ashenzari's second power
 20598 | Lair:4   | yokelz: -4 to all skills
 20610 | Lair:4   | yokelz: :P that's quite bad
 20613 | Lair:4   | MackTheKnife: uhg
 20613 | Lair:4   | MackTheKnife: well, I'll stick with ashy anyway
 20613 | Lair:4   | MackTheKnife: my most won god offline
 20635 | Lair:4   | yokelz: you got that shield spell?
 20635 | Lair:4   | MackTheKnife: nah, prolly should memorise it
 20691 | Lair:2   | Learned a level 4 spell: Condensation Shield
 20692 | Lair:2   | MackTheKnife: woo 15 SH.
 20692 | Lair:2   | yokelz: free 15 SH
 20692 | Lair:2   | yokelz: not bad
 20774 | Lair:4   | Found a hole to the Spider Nest.
 20782 | Lair:4   | Reached skill level 5 in Charms
 20821 | Lair:4   | MackTheKnife: tt
 20821 | Lair:4   | yokelz: remember shield works better when tanking one mob at a time :P
 20821 | Lair:4   | MackTheKnife: if only it was Polearms
 20821 | Lair:4   | MackTheKnife: ah
 20860 | Lair:4   | Found a staircase to the Shoals.
 21190 | Lair:4   | yokelz: those ice beasts work quite well here
 21233 | Lair:4   | MackTheKnife: yeah everything is weak to em
 21233 | Lair:4   | MackTheKnife: even hydras get ? and die.
 21259 | Lair:5   | yokelz: uhh
 21269 | Lair:5   | yokelz: every monster does that with any allies :P
 21270 | Lair:5   | MackTheKnife: true dat
 21274 | Lair:4   | yokelz: guess it's just like the monster is targetting it for a second
 21274 | Lair:4   | MackTheKnife: too many frogs!
 21287 | Lair:4   | MackTheKnife: yea, "not paying attention"
 21592 | Lair:5   | yokelz: we're leading by quite a bit :P
 21601 | Lair:5   | MackTheKnife: indeed :)
 21601 | Lair:5   | MackTheKnife: found an ice dragon armor on D:1 on this guy btw
 21601 | Lair:5   | yokelz: horribleplayer's orb run was... something
 21601 | Lair:5   | MackTheKnife: hahah how so? :D
 21603 | Lair:5   | yokelz: he had no heal wounds
 21604 | Lair:5   | yokelz: got loltormented to 17 hp
 21604 | Lair:5   | MackTheKnife: MiCj right?
 21604 | Lair:5   | MackTheKnife: hahah
 21724 | Lair:5   | yokelz: yeah
 21749 | Lair:5   | yokelz: it was painful to watch :)
 21751 | Lair:5   | Noticed a six-headed hydra
 21752 | Lair:5   | Identified the +0 chain mail of Shadows and Fog {rPois rF+ SInv}
 21759 | Lair:5   | Killed a six-headed hydra
 21760 | Lair:5   | MackTheKnife: so scared of hydras
 21760 | Lair:5   | MackTheKnife: splatted a XL12 MfGl vs a hydra earlier in the tour
 21760 | Lair:5   | yokelz: I splatted my last cheitroll on a single hydra
 21767 | Lair:5   | yokelz: with 7 AC 25 EV 35 SH
 21769 | Lair:5   | MackTheKnife: tough luck
 21796 | Lair:5   | yokelz: yeah
 21798 | Lair:5   | yokelz: if I splat this troll aswell I'm gonna stop trying chei :P
 21802 | Lair:5   | MackTheKnife: hehe
 21984 | Lair:5   | MackTheKnife: this is one messy screen
 23725 | Lair:6   | Reached skill level 16 in Dodging
 24703 | Lair:6   | Reached skill level 5 in Spellcasting
 24730 | Lair:6   | Reached XP level 13. HP: 68/95 MP: 9/25
 25154 | Lair:6   | Acquired Ashenzari's third power
 26980 | Lair:8   | Entered Level 8 of the Lair of Beasts
 27277 | Lair:8   | Identified the +2,+6 scimitar of Suicidal Tendencies {drain, Int+3} (You found it on level 8 of the Lair of Beasts)
 28174 | Lair:8   | Found a viscous altar of Jiyva.
 28174 | Lair:8   | Found a staircase to the Slime Pits.
 30329 | Lair:8   | Reached XP level 14. HP: 77/106 MP: 1/27
 31621 | Lair:2   | Learned a level 5 spell: Warp Weapon
 31696 | Orc:1    | Entered Level 1 of the Orcish Mines
 32292 | Orc:1    | Reached skill level 1 in Polearms
 32340 | Orc:1    | Reached skill level 1 in Translocations
 32992 | Orc:3    | Acquired Ashenzari's fourth power
 33545 | Orc:4    | Entered Level 4 of the Orcish Mines
 33545 | Orc:4    | Noticed Nessos
 33660 | Orc:3    | Found a bloodstained altar of Trog.
 34787 | Orc:4    | Killed Nessos
 35200 | Orc:4    | Noticed Donald
 35521 | Orc:4    | Killed Donald
 35764 | Orc:4    | Reached skill level 5 in Polearms
 35979 | Orc:4    | Paralysed by an orc sorcerer for 4 turns
 36175 | Orc:4    | Found Psoofogama's Magic Scroll Shop.
 36181 | Orc:4    | Found Ittah's Weapon Emporium.
 36263 | Orc:4    | Bought a scroll of recharging for 77 gold pieces
 36294 | Orc:4    | Found a roughly hewn altar of Beogh.
 36311 | Orc:4    | Found Akkairr's Distillery.
 36311 | Orc:4    | Found Udunuhe's General Store.
 36394 | Orc:4    | Bought a potion of curing for 24 gold pieces
 36394 | Orc:4    | Bought a potion of confusion for 12 gold pieces
 36396 | Orc:4    | Bought a scroll of recharging for 66 gold pieces
 36396 | Orc:4    | Bought a potion of resistance for 84 gold pieces
 36407 | Orc:4    | Bought a potion of invisibility for 71 gold pieces
 36407 | Orc:4    | Bought a potion of might for 32 gold pieces
 36407 | Orc:4    | Bought a potion of heal wounds for 39 gold pieces
 36407 | Orc:4    | Bought a potion of curing for 26 gold pieces
 36697 | Orc:4    | Found a staircase to the Elven Halls.
 36723 | Orc:4    | Bought an apple for 9 gold pieces
 36723 | Orc:4    | Bought a choko for 4 gold pieces
 36723 | Orc:4    | Bought a meat ration for 48 gold pieces
 36733 | Orc:4    | Bought a potion of resistance for 91 gold pieces
 36774 | Orc:4    | Bought 2 scrolls of magic mapping for 98 gold pieces
 36774 | Orc:4    | Bought a scroll of teleportation for 42 gold pieces
 36774 | Orc:4    | Bought a scroll of identify for 28 gold pieces
 36774 | Orc:4    | Bought a scroll of remove curse for 42 gold pieces
 36774 | Orc:4    | Bought a scroll of teleportation for 42 gold pieces
 36774 | Orc:4    | Bought a scroll of teleportation for 42 gold pieces
 37176 | D:11     | Noticed Erica
 37179 | D:11     | Noticed Blork the orc
 37192 | D:11     | Killed Erica
 37193 | D:11     | Killed Blork the orc
 37224 | D:11     | Killed Joseph
 37237 | D:11     | Noticed an elf
 37399 | D:11     | Killed Urug
 37574 | D:11     | Killed an elf
 37726 | Lair:2   | Learned a level 4 spell: Control Teleport
 37902 | D:12     | Noticed Gastronok
 37936 | D:12     | Banished Gastronok
 38454 | D:13     | Found Uqiaguhe's General Store.
 38465 | D:13     | Bought a scroll of enchant weapon II for 77 gold pieces
 38465 | D:13     | Bought a scroll of identify for 28 gold pieces
 38465 | D:13     | Bought a potion of curing for 28 gold pieces
 38465 | D:13     | Bought a potion of strong poison for 28 gold pieces
 40041 | D:14     | Entered Level 14 of the Dungeon
 40235 | D:14     | Noticed Snorg
 40390 | D:14     | Noticed Azrael
 40409 | D:14     | Killed from afar by Azrael

Action                   |  1- 3 |  4- 6 |  7- 9 | 10-12 | 13-15 || total
-------------------------+-------+-------+-------+-------+-------++-------
Melee: Unarmed           |    12 |       |       |       |       ||    12
       Club              |    25 |       |       |       |       ||    25
       Dagger            |    39 |       |       |       |       ||    39
       Spear             |    35 |   121 |       |       |       ||   156
       Whip              |       |    53 |   143 |       |       ||   196
       Flail             |       |       |   281 |  1077 |   515 ||  1873
       Battleaxe         |       |       |     9 |       |       ||     9
       Demon trident     |       |       |       |       |  1108 ||  1108
 Cast: Freeze            |    40 |    58 |    85 |   123 |   100 ||   406
       Ozocubu's Armour  |     1 |     7 |    16 |    59 |    87 ||   170
       Summon Ice Beast  |       |       |    23 |   158 |   168 ||   349
       Throw Frost       |       |       |     6 |       |       ||     6
       Throw Icicle      |       |       |       |    22 |     4 ||    26
       Condensation Shie |       |       |       |    12 |    29 ||    41
       Mephitic Cloud    |       |       |       |     1 |    29 ||    30
       Warp Weapon       |       |       |       |       |    28 ||    28
Invok: Scrying           |       |       |       |       |     5 ||     5
Evoke: Wand              |       |     1 |     1 |     5 |    25 ||    32
       Miscellaneous     |       |       |       |       |     1 ||     1
  Use: Scroll            |     5 |     7 |     5 |    20 |    15 ||    52
       Potion            |       |       |     4 |     5 |     8 ||    17
 Stab: Distracted        |     1 |     1 |       |    11 |    28 ||    41
       Sleeping          |     1 |       |     4 |     5 |     9 ||    19
       Confused          |       |       |       |       |    14 ||    14
